 Dungeon Sprint DCSS version 0.02-122-g12e50fee3c (webtiles) character file.

Game seed: 17795491386795907496, levelgen mode: deterministic

6 lorenzova the Magician (level 1, -3/10 HPs) Deep Elf Fire Elementalist. Began on Oct 6, 2020. Killed by nerve-wracking pain ... invoked by Jessica (13 damage) ... in the Dungeon (Sprint III: "The Ten Rune Challenge"). The game lasted 00:00:32 (68 turns).

lorenzova the Magician (Deep Elf Fire Elementalist)   Turns: 68, Time: 00:00:34

Health: -3/10      AC:  2    Str:  5    XL:     1 ^: 3
Magic:  6/8        EV: 13    Int: 19    God:
Gold:   0          SH:  0    Dex: 15    Spells: 8/9 levels left

rFire    . . .     Vision   .   (no weapon)
rCold    . . .     Gourm    .   (no weapon)
rNeg     . . .     Faith    .   a - +0 robe
rPois    .         Spirit   .   (no helmet)
rElec    .         Reflect  .   (no cloak)
rCorr    .         Harm     .   (no gloves)
MR       .....     NoTele   +   (no boots)
Stlth    ++........             (no amulet)
HPRegen  0.13/turn              (no ring)
MPRegen  0.18/turn              (no ring)

@: no status effects
A: no striking features
a: no special abilities


You were in the Dungeon.
You were not hungry.

You visited 1 branch

Inventory:

Armour
 a - a +0 robe (worn)
Scrolls
 i - a scroll of blinking
Potions
 d - a potion of curing
 e - a potion of heal wounds
 f - a potion of haste
 g - 2 potions of magic
 h - a potion of berserk rage
Comestibles
 c - a ration


   Skills:
 - Level 2.4 Dodging
 - Level 2.4 Stealth
 + Level 4.5 Spellcasting
 + Level 4.3 Fire Magic


You had 8 spell levels left.
You knew the following spells:

 Your Spells              Type           Power        Failure   Level  Hunger
a - Foxfire               Fire           20 (25)      2%          1    None

Your spell library contained the following spells:

 Spells                   Type           Power        Failure   Level  Hunger
 Searing Ray              Fire           20 (50)      3%          2    #......
 Conjure Flame            Fire           20 (100)     7%          3    ###....
 Inner Flame              Hex/Fire       12 (100)     16%         3    ###....
 Sticky Flame             Fire/Pois      12 (100)     47%         4    ####...
 Fireball                 Fire           20 (200)     52%         5    ######.


Dungeon Overview and Level Annotations

Branches:
Dungeon (1/1)

Altars:

Annotations:
D Jessica


Message History

r - Retreat! s - Stop attacking. g - Guard the area. f - Follow me.
Anything else - Cancel.
You shout for attention!
You hear a shout!
You start waiting.
Jessica is too close now for your liking.
Casting: Foxfire (safe; 2% risk of failure)
Confirm with . or Enter, or press ? or * to list all spells.
You conjure some foxfire!
The foxfire hits Jessica (4).
Jessica is heavily wounded. (6/10) HP The foxfire hits Jessica (4).
Jessica is almost dead. (2/10) HP
Casting: Foxfire (safe; 2% risk of failure)
Confirm with . or Enter, or press ? or * to list all spells.
You conjure some foxfire!
Jessica gestures at you while chanting. Pain shoots through your body (13)!
Ouch! That really hurt!
You die...

▓▓▓▓********* ***
▓<.#,,+,,,,,* *,*
▓..#,,*,,,,,** **,*
▓#'####,,,,,,* *,,*
▓*@...#,,,,≈** *,,*
▓*§§§.#,,,≈≈** *,,*
▓.§§.@#,,≈≈≈≈****,+
▓####'#,,≈≈≈≈≈≈,,,*
▓?....#,≈≈≈≈≈≈,,,,*
▓.@...#,≈≈≈≈≈,,,,,*
▓.....#,≈≈≈,,,,,,,*
▓+#####,,,,,,,,,,,*
*,,,,,,,,,,,,,,,,,*


You could see Jessica.

Vanquished Creatures
  An ooze (D)
  2 rats (D)
3 creatures vanquished.

Vanquished Creatures (others)
  14 foxfires (D)
  2 plants (D)
16 creatures vanquished.

Grand Total: 19 creatures vanquished

Notes
Turn   | Place    | Note
-------+----------+-------------------------------------------
     0 | D        | lorenzova the Deep Elf Fire Elementalist began the quest
                  | for the Orb.
     0 | D        | Reached XP level 1. HP: 10/10 MP: 6/6
    43 | D        | Noticed Jessica
    68 | D        | Killed from afar by Jessica

Levels and vault maps discovered:
D:        dungeon_sprint_mu [sprint_mu_entry_forest, sprint_mu_temple_rooms,
          sprint_mu_d1_horrors, sprint_mu_d2_genie, sprint_mu_d3_branching,
          sprint_mu_orc_legion, sprint_mu_elf_gauntlet, sprint_mu_hive_nellie,
          sprint_mu_lair_fedhas, sprint_mu_vaults_butterflies,
          sprint_mu_slime_circle, sprint_mu_swamp_cave, sprint_mu_snake_twists,
          sprint_mu_blade_basic, sprint_mu_crypt_chambers,
          sprint_mu_tomb_spiral, sprint_mu_vestibule_basic,
          sprint_mu_gehenna_hellfire, sprint_mu_dis_giant,
          sprint_mu_tartarus_statrot, sprint_mu_cocytus_islands, sprint_mu_zot1]

Skill      XL: |  1 |
---------------+----+-----
Spellcasting   | 4 |  4.5
Fire Magic     | 4 |  4.3
Dodging        | |  2.4
Stealth        | |  2.4

Action                   || total
-------------------------++-------
 Cast: Foxfire           ||     8
  Use: Scroll            ||     1
Dodge: Dodged            ||     1
